 Dungeon Crawl Stone Soup version 0.29.1-13-g9f3cf754e1 (webtiles) character file.

Game seed: 10944290714954252766

149640 LSt the Brawler (level 17, 123/123 HPs)
             Began as an Octopode Transmuter on Feb 6, 2023.
             Was the Champion of Wu Jian.
             Quit the game on level 1 of the Spider Nest on Feb 8, 2023.
             The game lasted 04:26:27 (31051 turns).

LSt the Brawler (Octopode Transmuter)              Turns: 31051, Time: 04:26:27

Health: 123/123    AC:  7    Str: 30    XL:     17   Next: 51%
Magic:  24/24      EV: 35    Int: 21    God:    Wu Jian [******]
Gold:   1889       SH:  0    Dex: 13    Spells: 6/26 levels left

rFire   + . .      SeeInvis +   H - staff of cold
rCold   + + .      Faith    .   (no shield)
rNeg    + + .      Spirit   .   i - +2 hat
rPois   .          Reflect  .   l - amulet of the acrobat
rElec   .          Harm     .   M - ring of ice
rCorr   .          Rampage  .   I - ring "Dyisch" {Str+7 Int+6}
Will    ++...                   o - ring of wizardry
Stlth   +++++++...              P - ring "Avveg" {rN+ AC+4 Slay+3}
HPRegen 0.30/turn               v - ring "Wioci" {Fire Str+6}
MPRegen 0.19/turn               f - +4 ring of evasion
                                Q - ring "Efrirghi" {Will+ SInv}
                                k - ring "Githitaa" {rF+ rC+ rN+}

@: acrobatic, studying 2 skills
A: almost no armour, amphibious, 8 rings, camouflage 1, gelatinous body 1,
(nimble swimmer 1), tentacles
a: Renounce Religion, Wall Jump, Serpent's Lash, Heavenly Storm


You were on level 1 of the Spider Nest.
You worshipped Wu Jian.
Wu Jian was exalted by your worship.
You visited 5 branches of the dungeon, and saw 24 of its levels.
You also visited: Bailey and Ice Cave.

You collected 2533 gold pieces.
You spent 644 gold pieces at shops.

Inventory:

Hand Weapons
 b - a +4 arbalest of flaming
 c - the +5 dagger of Arbitration {flame, rElec rN++ Str-4 SInv}
   (You found it on level 1 of the Lair of Beasts)

   It burns those it strikes, dealing additional fire damage.
   Str:       It affects your strength (-4).
   rElec:     It insulates you from electricity.
   rN:        It greatly protects you from negative energy.
   SInv:      It lets you see invisible.
Missiles
 G - 4 throwing nets (quivered)
Armour
 i - a +2 hat (worn)
Magical Staves
 H - a staff of cold (weapon)
Jewellery
 d - a ring of ice
 f - a +4 ring of evasion (on tentacle)
 j - a +6 ring of dexterity
 k - the ring "Githitaa" (on tentacle) {rF+ rC+ rN+}
   (You acquired it on level 12 of the Dungeon)

   [ring of positive energy]

   rF:        It protects you from fire.
   rC:        It protects you from cold.
   rN:        It protects you from negative energy.
 l - an amulet of the acrobat (around mantle)
 o - a ring of wizardry (on tentacle)
 q - the ring of the Heron {Fly rF- Will+ Str+3 Dex+2}
   (You found it in an ice cave)

   [ring of flight]

   Str:       It affects your strength (+3).
   Dex:       It affects your dexterity (+2).
   rF:        It makes you vulnerable to fire.
   Fly:       It grants you flight.
   Will:      It increases your willpower.
 v - the ring "Wioci" (on tentacle) {Fire Str+6}
   (You took it off an orc wizard on level 7 of the Dungeon)

   [ring of fire]

   It enhances your fire magic.
   Str:       It affects your strength (+6).
   rF:        It protects you from fire.
   rC:        It makes you vulnerable to cold.
 E - an amulet of regeneration
 I - the ring "Dyisch" (right tentacle) {Str+7 Int+6}
   (You found it on level 7 of the Dungeon)

   [ring of intelligence]

   Str:       It affects your strength (+7).
   Int:       It affects your intelligence (+6).
 M - a ring of ice (left tentacle)
 O - the ring "Doefoawn" {rPois rC- rN+++ Str+6}
   (You found it in an ice cave)

   [ring of strength]

   Str:       It affects your strength (+6).
   rC:        It makes you vulnerable to cold.
   rPois:     It protects you from poison.
   rN:        It renders you almost immune to negative energy.
 P - the ring "Avveg" (on tentacle) {rN+ AC+4 Slay+3}
   (You found it on level 7 of the Dungeon)

   [ring of protection]

   AC:        It affects your AC (+4).
   Slay:      It affects your accuracy & damage with ranged weapons and melee
   (+3).
   rN:        It protects you from negative energy.
 Q - the ring "Efrirghi" (on tentacle) {Will+ SInv}
   (You found it on level 7 of the Dungeon)

   [ring of see invisible]

   SInv:      It lets you see invisible.
   Will:      It increases your willpower.
 S - a ring of willpower
 V - a +6 ring of strength
Wands
 e - a wand of polymorph (10)
 h - a wand of mindburst (12)
 D - a wand of acid (7)
 F - a wand of digging (1)
 R - a wand of charming (15)
 Z - a wand of roots (7)
Scrolls
 n - a scroll of summoning
 r - 5 scrolls of fog
 u - 5 scrolls of identify
 w - 2 scrolls of silence
 x - 4 scrolls of vulnerability
 B - a scroll of fear
 C - 2 scrolls of blinking
 N - 3 scrolls of immolation
 W - 3 scrolls of teleportation
 X - a scroll of magic mapping
Potions
 a - 3 potions of lignification
 g - 2 potions of berserk rage
 m - 11 potions of curing
 p - a potion of flight
 s - 2 potions of heal wounds
 t - a potion of might
 y - a potion of ambrosia
 z - 3 potions of magic
 A - 8 potions of invisibility
 L - a potion of cancellation
 T - 5 potions of haste
 U - 2 potions of brilliance
 Y - a potion of attraction
Miscellaneous
 K - a phial of floods


   Skills:
 - Level 13.3 Fighting
 - Level 7.8 Dodging
 - Level 16.9 Stealth
 - Level 18.6 Unarmed Combat
 - Level 5.0 Spellcasting
 + Level 10.9 Transmutations
 - Level 2.0 Ice Magic
 - Level 6.0 Earth Magic
 - Level 3.0 Poison Magic
 - Level 4.0 Evocations


You had 6 spell levels left.
You knew the following spells:

 Your Spells              Type           Power      Damage    Failure   Level
a - Beastly Appendage     Tmut           100%       N/A       1%          1
b - Wereblood             Tmut           50%        N/A       1%          2
c - Spider Form           Tmut/Pois      34%        N/A       1%          3
d - Ice Form              Ice/Tmut       64%        N/A       3%          4
e - Petrify               Tmut/Erth      40%        N/A       1%          4
f - Statue Form           Tmut/Erth      26%        N/A       21%         6

Your spell library contained the following spells:

 Spells                   Type           Power      Damage    Failure   Level
 Poisonous Vapours        Pois/Air       22%        N/A       3%          2
 Shock                    Conj/Air       20%        1d4       4%          1
 Lee's Rapid Deconstruct  Erth           15%        3d11*     11%         5
 Dazzling Flash           Conj/Hex       10%        N/A       13%         3
 Swiftness                Air            5%         N/A       13%         3
 Corpse Rot               Necr/Pois/Air  9%         N/A       26%         4
 Airstrike                Air            2%         2d(1-17)  38%         4
 Fulminant Prism          Conj/Hex       2%         3d6       38%         4
 Iskenderun's Mystic Bla  Conj/Tloc      5%         2d3       38%         4
 Metabolic Englaciation   Hex/Ice        10%        N/A       58%         5
 Starburst                Conj/Fire      3%         6d3       99%         6


Dungeon Overview and Level Annotations

Branches:
Dungeon (15/15)            Temple (1/1) D:5            Lair (5/5) D:10
 Shoals (0/4) Lair:3       Spider (1/4) Lair:3        Slime (0/5) Lair:4
    Orc (2/2) D:10            Elf (0/3) Orc:2        Vaults (0/5) D:13
 Depths (0/4) D:15         Bailey (visited)           IceCv (visited)

Altars:
Ashenzari
Cheibriados
Dithmenos
Elyvilon
Fedhas
Gozag
Hepliaklqana
Kikubaaqudgha
Makhleb
Nemelex Xobeh
Okawaru
Qazlal
Ru
Sif Muna
Trog
Uskayaw
Vehumet
Wu Jian
Xom
Yredelemnul
Zin
The Shining One
Jiyva

Shops:
Orc:2 *!(:

Portals:
Pandemonium: Orc:2

Annotations:
D:2 Terence
D:4 2 runed translucent doors, Heoruswealwe's ghost, amateur DENe
D:14 Roxanne


Innate Abilities, Weirdness & Mutations

You cannot wear most types of armour.
You are amphibious.
You can wear up to eight rings at the same time.
Your skin changes colour to match your surroundings (Stealth+).
Your rubbery body absorbs attacks. (AC +1, EV +1)
((You are camouflaged when in or above water. (Stealth+)))
You have tentacles for arms and can constrict up to eight enemies at once.


Message History

Things that are here:
a +0 demon whip of freezing; a +0 cloak
Things that are here:
a +1 broad axe of freezing; a +0 cloak
Things that are here:
a +0 scimitar of freezing; a +0 cloak Search for what [Enter for "amulet", or ? for help]? demon whip Search for what [Enter for "demon whip", or ? for help]? .
Things that are here:
a +0 demon whip of freezing; a +0 cloak
Things that are here:
a +3 morningstar of freezing; a +2 cloak
Things that are here:
a +1 halberd of freezing; a +1 cloak
There is an ice choked empty arch of ancient stone here.
There is an ice covered gate leading back out of this place here.
Welcome back to the Spider Nest!
There is a collapsed entrance here.
Items here: ==== [.
Saving game... please wait.
Welcome back, LSt the Octopode Transmuter.
The Council says: Follow the path of wisdom and battle!
Press ? for a list of commands and other information.
Okay, then.
You drop a +1 buckler of cold resistance.
Okay, then.
Saving game... please wait.
Welcome back, LSt the Octopode Transmuter.
The Council says: Follow the path of wisdom and battle!
Press ? for a list of commands and other information.
Okay, then.
Items here: ==== [.
Okay, then.
You see here a +1 buckler of cold resistance.
Okay, then.
Saving game... please wait.
Welcome back, LSt the Octopode Transmuter.
The Council says: Follow the path of wisdom and battle!
Press ? for a list of commands and other information.
Are you sure you want to abandon this character and quit the game? (Confirm with "yes".)

.#.....## .......##
###.......#
##.##......## .
##^=@##.)....##..
#.....#........#
#.....#.......#
###.###......# .. #.#
#.#†#### #..
#..###'###.#.# #..#
#.........#.## #...
##.##...###..# ..^.
##........##..^####.##


There were no monsters in sight!

Vanquished Creatures
  An orc warlord (Orc:1)
  A draconian knight (IceCv)
  5 white draconians (IceCv)
  A spark wasp (Spider:1)
  Fannar (D:10)
  An ettin (Orc:2)
  6 boulder beetles
  A rakshasa (D:15)
  8 hydras
  3 catoblepae
  A merfolk avatar (Lair:5)
  3 demonspawn (Orc:2)
  A centaur warrior (D:13)
  5 two-headed ogres
  A dancing weapon (D:13)
  2 tengu warriors (D:15)
  9 orc high priests (Orc:2)
  4 sea snakes (Lair:5)
  A sixfirhy (Orc:2)
  A glowing orange brain (D:15)
  A skeletal warrior (D:15)
  A flayed ghost (D:15)
  A deep troll (shapeshifter) (D:15)
  An orange crystal statue (IceCv)
  A wizard (D:14)
  10 orc knights
  3 deep elf pyromancers
  A harpy (Lair:5)
  2 manticores
  17 ugly things
  5 orc sorcerers
  6 cyclopes
  3 black mambas (Lair:5)
  22 elephants
  An orange demon (Orc:2)
  3 storm dragon simulacra (IceCv)
  7 cane toads
  3 torpor snails
  2 gargoyles (D:13)
  5 rime drakes
  15 komodo dragons
  2 freezing wraiths (Spider:1)
  A demonic crawler (Spider:1)
  An unseen horror (D:12)
  A rime drake (shapeshifter) (D:15)
  A tengu conjurer (D:15)
  9 golden dragon simulacra (IceCv)
  4 polar bears
  3 meliai (D:15)
  10 trolls
  A hornet (shapeshifter) (D:15)
  2 hornets
  5 tarantellas (Spider:1)
  15 slime creatures
  15 blink frogs
  4 dream sheep (Lair:3)
  2 snapping turtles
  2 vampires
  3 culicivoras (Spider:1)
  28 yaks
  2 wraiths
  6 wyverns
  7 vampire mosquitoes
  2 basilisks
  A neqoxec (Orc:2)
  A redback (Spider:1)
  2 wargs (Orc:1)
  Menkaure (D:6)
  2 acid dragons
  12 water moccasins
  52 orc warriors
  2 sky beasts (D:7)
  2 ice beasts
  3 ice dragon simulacra (IceCv)
  Duvessa (D:7)
  11 ogres
  An ogre (shapeshifter) (D:14)
  29 wolves
  4 black bears
  6 centaurs
  A phantom (D:6)
  2 kobold brigands
  8 bullfrogs
  8 gnoll sergeants
  3 necrophages
  7 scorpions
  The ghost of ymhsbmbesitwf the Trooper, a weakling MiBe of Trog (D:3)
  Dowan (D:7)
  3 killer bees (D:9)
  6 lindwurm simulacra (IceCv)
  5 howler monkeys
  A vampire bat (Lair:2)
  An electric eel (Lair:1)
  4 hounds
  A jelly (D:5)
  26 orc priests
  A gnoll bouda (D:6)
  9 iguanas
  15 orc wizards
  24 gnolls
  13 adders
  A hound simulacrum (D:3)
  2 white imps
  An ufetubus (D:4)
  A worm (D:4)
  A dart slug (D:1)
  85 orcs
  4 ball pythons
  10 endoplasms
  2 giant cockroaches
  8 goblins
  10 hobgoblins
  5 jackals
  A quokka (D:5)
  2 ball python simulacra (D:3)
  8 bats
  4 frilled lizards
  A giant cockroach simulacrum (D:3)
  14 kobolds
  6 rats
  A butterfly (Lair:1)
729 creatures vanquished.

Vanquished Creatures (others)
  2 centaur warriors (D:15)
  A deep elf pyromancer (D:15)
  32 fungi
  43 plants
78 creatures vanquished.

Grand Total: 807 creatures vanquished

Notes
Turn   | Place    | Note
-------+----------+-------------------------------------------
     0 | D:1      | LSt the Octopode Transmuter began the quest for the Orb.
     0 | D:1      | Reached XP level 1. HP: 13/13 MP: 3/3
   481 | D:1      | Reached XP level 2. HP: 14/18 MP: 3/5
   567 | D:1      | Learned a level 2 spell: Wereblood
   730 | D:1      | Found a faded altar of an unknown god.
  1063 | D:1      | Reached skill level 1 in Stealth
  1398 | D:1      | Reached XP level 3. HP: 16/23 MP: 6/6
  2021 | D:2      | Noticed Terence
  2130 | D:2      | Found a shimmering altar of Xom.
  2584 | D:3      | Learned a level 3 spell: Spider Form
  2608 | D:3      | Reached XP level 4. HP: 28/28 MP: 5/7
  2629 | D:3      | Found a runed translucent gate.
  2629 | D:3      | Found a runed translucent gate.
  2629 | D:3      | Found a runed translucent gate.
  2671 | D:3      | Identified the +10 plate armour of Youthful Indiscretion
                  | {Str+2 Slay+2}
  2730 | D:3      | Reached skill level 1 in Poison Magic
  2908 | D:3      | Noticed ymhsbmbesitwf's ghost (weakling MiBe)
  3142 | D:4      | Noticed a necrophage
  3159 | D:4      | Killed a necrophage
  3160 | D:4      | Reached XP level 5. HP: 33/33 MP: 5/8
  3201 | D:4      | Found a large runed translucent door.
  3201 | D:4      | Found a large runed translucent door.
  3205 | D:4      | Noticed Heoruswealwe's ghost (amateur DENe)
  3415 | D:4      | Reached skill level 4 in Unarmed Combat
  3415 | D:4      | Reached XP level 6. HP: 31/38 MP: 7/9
  4872 | D:5      | Entered Level 5 of the Dungeon
  5117 | D:5      | Reached XP level 7. HP: 31/45 MP: 7/10
  5231 | D:5      | Found a burning altar of Makhleb.
  5232 | D:5      | Found a blossoming altar of Fedhas.
  5358 | D:5      | Reached skill level 5 in Unarmed Combat
  5556 | D:5      | Reached skill level 5 in Stealth
  6732 | D:5      | Found a staircase to the Ecumenical Temple.
  6740 | Temple   | Entered the Ecumenical Temple
  6885 | Temple   | Became a worshipper of the Wu Jian Council
  7069 | D:6      | Noticed a wraith
  7185 | D:6      | Reached skill level 1 in Ice Magic
  7206 | D:6      | Learned a level 4 spell: Ice Form
  7345 | D:6      | Noticed Menkaure
  7359 | D:6      | Reached XP level 8. HP: 52/52 MP: 7/11
  7510 | D:6      | Found a radiant altar of Vehumet.
  7631 | D:6      | Reached skill level 5 in Transmutations
  7828 | D:6      | Killed Menkaure
  8147 | D:3      | Killed ymhsbmbesitwf's ghost
  8363 | D:5      | Reached skill level 6 in Unarmed Combat
  8703 | D:6      | Killed a wraith
  9214 | D:6      | Reached XP level 9. HP: 47/57 MP: 7/12
  9529 | D:6      | Reached skill level 7 in Unarmed Combat
  9536 | D:6      | Reached * piety under Wu Jian
  9877 | D:7      | Noticed Duvessa
  9877 | D:7      | Noticed Dowan
  9917 | D:7      | Killed Duvessa
  9918 | D:7      | Reached skill level 8 in Unarmed Combat
  9931 | D:7      | Identified the ring "Dyisch" {Str+7 Int+6}
  9940 | D:7      | Killed Dowan
 10048 | D:7      | Found a flagged portal.
 10111 | Bailey   | Entered a bailey
 10135 | Bailey   | Reached skill level 5 in Fighting
 10292 | Bailey   | Reached ** piety under Wu Jian
 10369 | Bailey   | Reached skill level 9 in Unarmed Combat
 10602 | Bailey   | Noticed an orc knight
 10602 | Bailey   | Noticed an orc knight
 10612 | Bailey   | Noticed an orc knight
 10648 | Bailey   | Killed an orc knight
 10649 | Bailey   | Reached XP level 10. HP: 30/69 MP: 9/13
 10858 | Bailey   | Identified the +1 crystal plate armour of Ashenzari {rF+
                  | rC+ Dex+4 Stlth+}
 10858 | Bailey   | Identified the ring "Cyegue" {*Corrode rF- MP+9 Str+6 SInv}
 10970 | Bailey   | Killed an orc knight
 11011 | Bailey   | Killed an orc knight
 11012 | Bailey   | Reached skill level 10 in Unarmed Combat
 11453 | D:7      | Found a hide-covered altar of Uskayaw.
 12043 | D:7      | Noticed a two-headed ogre
 12047 | D:7      | Noticed a deep elf pyromancer
 12052 | D:7      | Killed a deep elf pyromancer
 12053 | D:7      | Killed a two-headed ogre
 12054 | D:7      | Reached skill level 11 in Unarmed Combat
 12057 | D:7      | Reached XP level 11. HP: 78/78 MP: 10/14
 12062 | D:7      | Identified the ring "Wioci" {Fire Str+6}
 12067 | D:7      | Identified the ring of Alobas {rPois Will- Str+4 Slay+3}
 12074 | D:7      | Identified the ring "Avveg" {rN+ AC+4 Slay+3}
 12085 | D:7      | Identified the ring "Efrirghi" {Will+ SInv}
 12402 | D:8      | Found a shimmering blue altar of Sif Muna.
 12498 | D:8      | Reached skill level 14 in Unarmed Combat
 12498 | D:8      | Reached XP level 12. HP: 84/84 MP: 15/15
 12775 | D:8      | Reached *** piety under Wu Jian
 13060 | D:9      | Identified the +3 robe "Nyut" {+Inv rC+++ Str+7 Dex-4}
 13238 | D:9      | Found a broken altar of Ashenzari.
 13659 | D:9      | Noticed a two-headed ogre
 13668 | D:9      | Killed a two-headed ogre
 14020 | D:10     | Entered Level 10 of the Dungeon
 14186 | D:10     | Noticed a two-headed ogre
 14197 | D:10     | Killed a two-headed ogre
 14258 | D:10     | Noticed Fannar
 14268 | D:10     | Killed Fannar
 14289 | D:10     | Noticed a four-headed hydra
 14290 | D:10     | Noticed a five-headed hydra
 14308 | D:10     | Found a staircase to the Orcish Mines.
 14360 | D:10     | Reached skill level 10 in Fighting
 14363 | D:10     | Found a staircase to the Lair.
 15063 | D:10     | Killed a five-headed hydra
 15064 | D:10     | Reached skill level 10 in Stealth
 15079 | D:10     | Noticed a boulder beetle
 15224 | D:10     | Killed a boulder beetle
 15232 | D:10     | Identified the +2 quarterstaff of Eternity {holy, rF+++}
 15264 | D:10     | Killed a four-headed hydra
 15384 | Lair:1   | Entered Level 1 of the Lair of Beasts
 15572 | Lair:1   | Identified the +5 dagger of Arbitration {flame, rElec rN++
                  | Str-4 SInv}
 15656 | Lair:1   | Found a transporter.
 15656 | Lair:1   | Reached **** piety under Wu Jian
 15662 | Lair:1   | Noticed a boulder beetle
 15663 | Lair:1   | Found a transporter.
 15663 | Lair:1   | Noticed a boulder beetle
 16014 | Lair:1   | Reached skill level 15 in Unarmed Combat
 16014 | Lair:1   | Reached XP level 13. HP: 93/93 MP: 11/16
 17124 | D:11     | Reached skill level 1 in Evocations
 17172 | D:11     | Found a burning altar of Makhleb.
 18725 | D:12     | Reached skill level 5 in Dodging
 18734 | D:12     | Identified a scroll of acquirement
 18735 | D:12     | Acquired the ring "Githitaa" {rF+ rC+ rN+}
 19651 | D:13     | Found a gate to the Vaults.
 20305 | D:14     | Reached ***** piety under Wu Jian
 20401 | D:14     | Reached XP level 14. HP: 102/102 MP: 17/17
 20645 | Lair:2   | Found the +4 skin of Zhor {*Englaciate rC+++ SInv}
 20873 | Lair:2   | Reached skill level 16 in Unarmed Combat
 21383 | Lair:3   | Found a hole to the Spider Nest.
 21455 | Lair:3   | Found a staircase to the Shoals.
 22488 | Lair:4   | Found a runed translucent door.
 22489 | Lair:4   | Found a viscous altar of Jiyva.
 22490 | Lair:4   | Found a staircase to the Slime Pits.
 22973 | Lair:5   | Entered Level 5 of the Lair of Beasts
 22978 | Lair:5   | Reached skill level 15 in Stealth
 23468 | Lair:5   | Reached XP level 15. HP: 109/109 MP: 16/18
 23469 | Lair:5   | Reached ****** piety under Wu Jian
 23475 | Lair:5   | Reached skill level 17 in Unarmed Combat
 24091 | Lair:5   | Found an opulent altar of Gozag.
 24664 | Lair:5   | Identified the +4 trident "Takentu" {venom, Will+ Str+2}
 24666 | Lair:5   | Reached skill level 18 in Unarmed Combat
 24666 | Lair:5   | Reached XP level 16. HP: 116/116 MP: 15/19
 24907 | Orc:1    | Entered Level 1 of the Orcish Mines
 25403 | Orc:2    | Entered Level 2 of the Orcish Mines
 25662 | Orc:2    | Found a staircase to the Elven Halls.
 26853 | Orc:2    | Found Fomogemm's General Store.
 26858 | Orc:2    | Found Caehu Rof's Distillery.
 27305 | Orc:2    | Found Dyces's Book Emporium.
 27305 | Orc:2    | Found Igyi's Antique Weapon Shoppe.
 27306 | Orc:2    | Found a one-way gate leading to the halls of Pandemonium.
 27776 | Orc:2    | Bought a book of Sloth for 504 gold pieces
 27782 | Orc:2    | Learned a level 4 spell: Petrify
 27786 | Orc:2    | Bought 2 potions of berserk rage for 140 gold pieces
 27922 | D:14     | Noticed Roxanne
 28040 | D:14     | Reached skill level 1 in Earth Magic
 28048 | D:14     | Found a sacrificial altar of Ru.
 28251 | D:15     | Entered Level 15 of the Dungeon
 28374 | D:15     | Reached XP level 17. HP: 123/123 MP: 18/21
 28921 | D:15     | Found a shimmering altar of Xom.
 28941 | D:15     | Reached skill level 5 in Earth Magic
 29114 | D:15     | Found a staircase to the Depths.
 29132 | D:15     | Reached skill level 10 in Transmutations
 29194 | D:15     | Learned a level 6 spell: Statue Form
 29402 | Spider:1 | Entered Level 1 of the Spider Nest
 29528 | Spider:1 | Found a frozen archway.
 29693 | IceCv    | Entered an ice cave
 30507 | IceCv    | Identified the ring of the Heron {Fly rF- Will+ Str+3
                  | Dex+2}
 30508 | IceCv    | Identified the amulet of Bunusazonk {Spirit Harm}
 30512 | IceCv    | Reached skill level 5 in Spellcasting
 30873 | IceCv    | Identified the ring "Doefoawn" {rPois rC- rN+++ Str+6}
 31051 | Spider:1 | Quit the game

Illustrated notes

Levels and vault maps discovered:
D:1:      matt_arrival_grand_opening, layout_loops_ring,
          dilly_ecumenical_altar_fadedgnrine, st_stairs_9, nrook_mini_vaults
D:2:      layout_rooms, basic_altar, columned_hall_lemuel, uniq_terence
D:3:      layout_rooms, serial_glass, glass_columns_b, glass_columns_a,
          gammafunk_ghost_icy
D:4:      layout_loops_corners, ebering_ghost_disaster_area,
          corexii_item_surrounded_by_moat
D:5:      layout_gridville, minitemple, minmay_temple_entry_glassed_door
D:6:      minmay_octagon_keep, layout_loops_ring, kennysheep_little_box,
          grunt_ministairs_14, uniq_menkaure
D:7:      minmay_the_grid_triangle_9x9_recursive_2
          [minmay_the_grid_triangle_9x9_prize_special,
          minmay_the_grid_triangle_9x9_odd_lines,
          minmay_the_grid_triangle_9x9_corruption,
          minmay_the_grid_triangle_9x9_dagger], layout_basic, kennysheep_mini,
          enter_bailey_3, uniq_duvessa
D:8:      layout_basic, mainiacjoe_overflow_tiny_flanked
D:9:      layout_gridville, evilmike_ruin_ashenzari
D:10:     layout_cave_pools, dpeg_oklobed_lair,
          kennysheep_orc_monster_closet_entryway, kennysheep_small_spiral,
          minmay_diamond_spiral, uniq_fannar
D:11:     layout_irregular_city, bloody_makhleb
D:12:     layout_roguey
D:13:     layout_stronghold, erik_vaults_1
D:14:     layout_rooms, minmay_misc_feat_x, nicolae_ru_the_path_less_chosen,
          uniq_roxanne
D:15:     gammafunk_enter_depths_forms, layout_gridville,
          minmay_stone_trees_small, palyth_stone_intersect, xom_confusion_cloud
Temple:   nicolae_temple_elliptical
Lair:1:   gammafunk_boulding_lane, layout_cave_pods, gammafunk_lair_bear_cave,
          lemuel_fruit_fields
Lair:2:   layout_chaotic_city, serial_bayou_lagoon_a,
          chequers_serial_rivers_small_3, roderic_batcave,
          hellmonk_guarded_unrand_zhor
Lair:3:   layout_chaotic_city, minmay_shoals_entry_hut, dummy_spider_entry
Lair:4:   layout_regular_city, slime_entry_2, serial_bayou_pond_d,
          grunt_megastairs_4
Lair:5:   gammafunk_lair_ancient_temple, layout_concentric_octagons,
          basic_altar, guppyfry_lair_drakes
Spider:1: layout_chambers, portal_ice_cave_entry_frozen_things
Orc:1:    layout_diamond_mine
Orc:2:    pf_orc_diabolical, layout_diamond_mine

Skill      XL: |  1  2  3  4  5  6  7  8  9 10 11 12 13 14 15 16 17 |
---------------+----------------------------------------------------+-----
Stealth        | 2 4 5 6 10 13 15 16 | 16.9
Poison Magic   | 2 3 |  3.0
Transmutations | 3 4 6 9 10 | 10.9
Unarmed Combat | 4 5 6 9 11 14 15 16 18 | 18.6
Fighting       | 2 3 6 8 10 11 12 13 | 13.3
Ice Magic      | 2 |  2.0
Dodging        | 3 4 6 7 |  7.8
Evocations     | 4 |  4.0
Spellcasting   | 3 5 |  5.0
Earth Magic    | 3 6 |  6.0

Action                   |  1- 3 |  4- 6 |  7- 9 | 10-12 | 13-15 | 16-18 || total
-------------------------+-------+-------+-------+-------+-------+-------++-------
Melee: Unarmed           |    87 |    85 |   262 |   212 |   518 |   463 ||  1627
       Kick              |    25 |    26 |     6 |       |       |       ||    57
       Constrict         |    18 |    18 |     4 |     3 |     1 |     2 ||    46
       Tentacles         |    11 |    17 |     3 |     2 |     1 |     1 ||    35
       Punch             |     4 |     2 |       |     2 |       |     1 ||     9
       Staff             |       |       |       |       |       |     1 ||     1
 Fire: Arbalest          |       |       |    32 |    48 |    13 |       ||    93
Throw: Dart              |     4 |     3 |       |       |       |       ||     7
       Stone             |       |     2 |       |       |       |       ||     2
       Boomerang         |       |     3 |    12 |     2 |     2 |       ||    19
 Cast: Beastly Appendage |    35 |    26 |     8 |     3 |       |       ||    72
       Wereblood         |     1 |     1 |     1 |       |       |       ||     3
       Spider Form       |       |     2 |    25 |     1 |     1 |       ||    29
       Ice Form          |       |       |    15 |    34 |    59 |    24 ||   132
Invok: Lunge             |       |       |    13 |    45 |   104 |    84 ||   246
       Whirlwind         |       |       |       |     3 |    45 |    68 ||   116
       Serpent's Lash    |       |       |       |     2 |     3 |     3 ||     8
       Heavenly Storm    |       |       |       |       |       |     2 ||     2
 Abil: Wall Jump         |       |       |     1 |    22 |    15 |    15 ||    53
       End Transformatio |       |       |       |     2 |    10 |     6 ||    18
  Use: Scroll            |     3 |     3 |     9 |     6 |    10 |     1 ||    32
       Potion            |       |       |     3 |     4 |     1 |       ||     8
 Stab: Sleeping          |     5 |     4 |     4 |     9 |    22 |    28 ||    72
       Distracted        |     1 |       |       |       |     3 |       ||     4
       Confused          |       |       |       |       |       |     2 ||     2
Armor: Skin              |     5 |     1 |    25 |    27 |    85 |    68 ||   211
Dodge: Dodged            |    39 |    42 |   136 |    44 |   148 |   162 ||   571
